 Dungeon Crawl Stone Soup version 0.28.0 (webtiles) character file.

Game seed: 16666787210459495533

16639 SnakkuSnakku7 the Basher (level 12, -2/92 HPs)
             Began as a Formicid Ice Elementalist on Feb 8, 2022.
             Was an Elder of Wu Jian.
             Slain by a black mamba (13 damage)
             ... on level 10 of the Dungeon.
             The game lasted 00:32:51 (18793 turns).

SnakkuSnakku7 the Basher (FoIE)                    Turns: 18793, Time: 00:32:52

Health: -2/92      AC: 13    Str: 16    XL:     12   Next: 72%
Magic:  15/15      EV:  4    Int: 17    God:    Wu Jian [****..]
Gold:   465        SH:  0    Dex: 11    Spells: 13/15 levels left

rFire   + + .      SeeInvis +   b - +6 morningstar (freeze)
rCold   . . .      Faith    .   (no shield)
rNeg    . . .      Spirit   .   l - +0 plate armour
rPois   .          Reflect  .   (helmet unavailable)
rElec   .          Harm     .   s - +2 cloak
rCorr   .          Rampage  .   (no gloves)
Will    +....                   (no boots)
Stlth   ..........              (no amulet)
HPRegen 0.25/turn               c - ring of protection from fire
MPRegen 0.14/turn               I - ring of protection from fire

@: no status effects
A: permanent stasis, dig shafts and tunnels, antennae 3, four strong arms
a: Dig, Shaft Self, Renounce Religion, Wall Jump, Serpent's Lash


You were on level 10 of the Dungeon.
You worshipped Wu Jian.
Wu Jian was greatly pleased with you.
You visited 3 branches of the dungeon, and saw 15 of its levels.

You collected 671 gold pieces.
You spent 206 gold pieces at shops.

Inventory:

Hand Weapons
 a - the +6 great mace "Ymyi" {vorpal, +Blink SInv}
   (You acquired it on level 10 of the Dungeon)

   It inflicts extra damage upon your enemies.
   SInv:      It lets you see invisible.
   +Blink:    It lets you blink.
 b - a +6 morningstar of freezing (weapon)
 h - the +7 flail "Woymaff" {pain, rF+}
   (You found it on level 2 of the Dungeon)

   In the hands of one skilled in necromantic magic, it inflicts extra damage on
   living creatures.
   rF:        It protects you from fire.
Missiles
 p - 37 poisoned darts (quivered)
 F - a curare-tipped dart
Armour
 j - a +0 robe
 l - a +0 plate armour (worn)
 s - a +2 cloak (worn)
Magical Staves
 f - a staff of death
Jewellery
 c - a ring of protection from fire (left hand)
 k - a ring of ice
 I - a ring of protection from fire (right hand)
Wands
 d - a wand of flame (4)
 J - a wand of charming (4)
Scrolls
 w - a scroll of enchant weapon
 x - a scroll of fog
 C - a scroll of immolation
Potions
 e - 3 potions of brilliance
 g - a potion of ambrosia
 m - a potion of resistance
 n - 4 potions of flight {unknown}
 r - 2 potions of might
 t - 2 potions of magic
 u - a potion of heal wounds
 v - 2 potions of lignification {unknown}
 z - a potion of cancellation
 B - a potion of attraction {unknown}
 H - a potion of degeneration {unknown}
Miscellaneous
 E - a condenser vane


   Skills:
 + Level 7.8 Fighting
 - Level 13.9 Maces & Flails
 - Level 4.0 Throwing
 - Level 1.7 Dodging
 - Level 2.5 Stealth
 - Level 2.1 Spellcasting
 - Level 3.1 Hexes
 - Level 8.0 Necromancy
 - Level 4.7 Ice Magic
 - Level 8.0 Evocations


You had 13 spell levels left.
You knew the following spells:

 Your Spells              Type           Power      Damage    Failure   Level
b - Ensorcelled Hibernat  Hex/Ice        30%        N/A       99%         2

Your spell library contained the following spells:

 Spells                   Type           Power      Damage    Failure   Level
 Freeze                   Ice            72%        1d9       92%         1
 Passwall                 Tmut/Erth      0%         N/A       100%        2
 Frozen Ramparts          Ice            36%        1d5       100%        3
 Inner Flame              Hex/Fire       7%         N/A       100%        3
 Ozocubu's Armour         Ice            18%        N/A       100%        3
 Summon Guardian Golem    Hex/Summ       7%         N/A       100%        3
 Cause Fear               Hex            6%         N/A       100%        4
 Hailstorm                Conj/Ice       9%         3d4       100%        4
 Passage of Golubria      Tloc           1%         N/A       100%        4
 Silence                  Hex/Air        3%         N/A       100%        5
 Summon Forest            Summ/Tloc      0%         N/A       100%        5
 Eringya's Noxious Bog    Tmut/Pois      0%         N/A       100%        6
 Orb of Destruction       Conj           0%         9d5       100%        7
 Ozocubu's Refrigeration  Ice            9%         4d6       100%        7
 Spellforged Servitor     Conj/Summ      0%         N/A       100%        7
 Summon Hydra             Summ           0%         N/A       100%        7
 Discord                  Hex            6%         N/A       100%        8
 Lehudib's Crystal Spear  Conj/Erth      0%         10d2      100%        8
 Chain Lightning          Conj/Air       0%         2d1       100%        9
 Fire Storm               Conj/Fire      0%         6d1       100%        9
 Shatter                  Erth           0%         3d5*      100%        9
 Swiftness                Air            Unusable   N/A       N/A         3

Dungeon Overview and Level Annotations

Branches:
Dungeon (12/15)            Temple (1/1) D:4            Lair (2/6) D:10
    Orc (0/2) D:9
  Swamp: Lair:2-4    Shoals: Lair:2-4     Snake: Lair:2-4    Spider: Lair:2-4

Altars:
Ashenzari
Cheibriados
Dithmenos
Elyvilon
Fedhas
Hepliaklqana
Kikubaaqudgha
Makhleb
Nemelex Xobeh
Ru
Sif Muna
Trog
Vehumet
Wu Jian
Xom
Zin
The Shining One
Beogh

Shops:
D:2 (*   D:4 *   D:5 *   D:6 *

Portals:
Trove: D:10 (give +6 ice dragon scales)

Annotations:
D:4 2 transporters, Lemondrips's ghost, novice GrBe
D:8 Fly for stuff


Innate Abilities, Weirdness & Mutations

You cannot be hasted, slowed, berserked, paralysed or teleported.
You can dig through walls and to a lower floor.
You have a pair of large antennae on your head. (SInv)
Your four strong arms can wield two-handed weapons with a shield.


Message History

There is a staircase to the Lair, spattered with blood here.
Your +6 morningstar of freezing glows with a cold blue light!
b - a +6 morningstar of freezing (weapon)
You feel very sick. The black mamba bites you!
You are more poisoned.
The black mamba poisons you!
You feel better.
The black mamba bites you but does no damage.
The black mamba barely misses you.
You sock the black mamba!
The black mamba seems to slow down.
You freeze the black mamba.
The black mamba is heavily wounded.
You closely miss the black mamba.
The black mamba is heavily wounded.
The black mamba bites you.
You barely miss the black mamba.
The black mamba is moderately wounded.
The black mamba bites you!
You miss the black mamba.
The black mamba is moderately wounded.
The black mamba is no longer moving slowly.
The black mamba bites you!
You sock the black mamba! You freeze the black mamba.
The black mamba is severely wounded.
The black mamba bites you but does no damage.
The black mamba bites you.
You hit the black mamba. You freeze the black mamba.
The black mamba is severely wounded.
The black mamba bites you.
You closely miss the black mamba.
The black mamba is severely wounded.
The black mamba bites you!
* * * LOW HITPOINT WARNING * * *
The black mamba bites you!
* * * LOW HITPOINT WARNING * * *
You barely miss the black mamba.
The black mamba is severely wounded.
The black mamba bites you!
You die...

#.#
####.#####.....<#....#
#.# #.#####.#.###.....##
#.# #..................#
#.#
#.....###..........#####
#.#
#..#...≈...#............
#.#
#.#..#...#..#......#####
#.# ##.#.##...##.##._.###
# #.#
#..#.........##..##### #
#.#
#..#≈...@...≈#.......# #
#.#
#..#..P.SP...##..###.# #
#.# #..#.##..P##.##..#
#.# # #.#
#..#..#...#..#...# #.# #
#.#
##..#...≈...#.#.####.####
#.#
#.....###....#..........
#.#
#............######.####
#.######...########## #.#
#........### ##.#


You could see a black mamba.

Vanquished Creatures
  Gastronok (D:8)
  A hydra (Lair:1)
  3 two-headed ogres
  Urug (Lair:1)
  An oklob plant (D:10)
  Maurice (D:11)
  A gargoyle (D:9)
  A cane toad (D:10)
  Psyche (D:9)
  3 komodo dragons (Lair:1)
  A kobold demonologist (D:9)
  An efreet (D:10)
  A troll (D:9)
  A hornet (D:9)
  A wyvern (D:9)
  13 yaks
  Menkaure (D:6)
  Edmund (D:4)
  6 water moccasins
  2 acid dragons (D:9)
  2 floating eyes (D:9)
  A swamp drake (D:8)
  An ice beast (D:5)
  6 orc warriors (D:9)
  8 black bears
  A necrophage (D:5)
  An ogre (D:5)
  2 sky beasts
  6 centaurs
  A phantom (D:4)
  5 kobold brigands
  5 bullfrogs
  Blork the orc (D:4)
  A scorpion (D:5)
  A water moccasin skeleton (D:4)
  10 killer bees
  16 wights
  3 howler monkeys
  A bullfrog zombie (D:5)
  4 orc priests
  3 hounds
  6 centaur zombies
  4 jellies
  A bullfrog skeleton (D:7)
  A centaur skeleton (D:7)
  3 gnoll shamans
  5 iguanas
  Crazy Yiuf (D:3)
  9 orc wizards
  Natasha (thrice) (D:3)
  A killer bee zombie (D:7)
  Robin (D:4)
  10 gnolls (D:8)
  3 howler monkey zombies (D:9)
  An adder (D:4)
  2 white imps (D:6)
  3 worms
  2 dart slugs
  25 orcs
  3 ball pythons
  3 bats (D:2)
  3 endoplasms
  4 giant cockroaches
  13 goblins
  9 hobgoblins
  3 jackals (D:1)
  15 kobolds
  6 quokkas
  2 frilled lizards
  A quokka skeleton (D:4)
  7 rats
271 creatures vanquished.

Vanquished Creatures (others)
  2 fungi (Lair:1)
  16 plants
18 creatures vanquished.

Grand Total: 289 creatures vanquished

Notes
Turn   | Place    | Note
-------+----------+-------------------------------------------
     0 | D:1      | SnakkuSnakku7 the Formicid Ice Elementalist began the quest
                  | for the Orb.
     0 | D:1      | Reached XP level 1. HP: 13/13 MP: 3/3
   144 | D:1      | Reached XP level 2. HP: 15/19 MP: 3/5
   544 | D:2      | Found Seapt's General Store.
   674 | D:1      | Learned a level 2 spell: Ensorcelled Hibernation
   698 | D:2      | Reached XP level 3. HP: 21/24 MP: 3/6
   765 | D:2      | Reached skill level 1 in Hexes
   954 | D:2      | Found Deqovi Zaciy's Weapon Shop.
  1487 | D:2      | Reached XP level 4. HP: 22/30 MP: 3/7
  1539 | D:2      | Bought a +0 dagger for 26 gold pieces
  1557 | D:3      | Noticed a sky beast
  1725 | D:2      | Found a faded altar of an unknown god.
  1800 | D:2      | Identified the +7 flail "Woymaff" {pain, rF+}
  1852 | D:2      | Killed a sky beast
  1853 | D:2      | Reached skill level 1 in Maces & Flails
  1853 | D:2      | Reached skill level 1 in Necromancy
  1853 | D:2      | Reached XP level 5. HP: 7/35 MP: 0/8
  2144 | D:3      | Reached skill level 2 in Maces & Flails
  2215 | D:3      | Noticed Natasha
  2222 | D:3      | Reached XP level 6. HP: 29/41 MP: 9/9
  2224 | D:3      | Killed Natasha
  2344 | D:3      | Noticed Natasha
  2355 | D:3      | Killed Natasha
  2355 | D:3      | Noticed Natasha
  2361 | D:3      | Killed Natasha
  2416 | D:3      | Reached skill level 3 in Maces & Flails
  2636 | D:3      | Noticed a black bear
  2643 | D:3      | Killed a black bear
  2644 | D:3      | Reached XP level 7. HP: 43/46 MP: 10/10
  2699 | D:3      | Found a runed translucent door.
  2700 | D:3      | Noticed Crazy Yiuf
  2707 | D:3      | Killed Crazy Yiuf
  2806 | D:4      | Noticed Lemondrips's ghost (novice GrBe)
  2808 | D:4      | Found a transporter.
  2808 | D:4      | Identified the +8 giant club of a Billion Invaders {vorpal,
                  | rElec Will+ Stlth+}
  2837 | D:4      | Found Iliqaronav's Fire Supplies.
  2903 | D:2      | Bought a potion of heal wounds for 60 gold pieces
  3138 | D:4      | Reached skill level 4 in Maces & Flails
  3161 | D:4      | Found a staircase to the Ecumenical Temple.
  3259 | Temple   | Entered the Ecumenical Temple
  3282 | Temple   | Became a worshipper of the Wu Jian Council
  3550 | D:4      | Noticed Edmund
  3777 | D:4      | Noticed Blork the orc
  3787 | D:4      | Killed Blork the orc
  3826 | D:4      | Noticed Robin
  3830 | D:4      | Reached XP level 8. HP: 40/52 MP: 11/11
  3847 | D:4      | Killed Robin
  3848 | D:4      | Reached skill level 5 in Maces & Flails
  3848 | D:4      | Reached skill level 5 in Necromancy
  4323 | D:4      | Killed Edmund
  4351 | D:4      | Found a transporter.
  4474 | D:5      | Entered Level 5 of the Dungeon
  4822 | D:5      | Reached skill level 6 in Maces & Flails
  4824 | D:5      | Reached * piety under Wu Jian
  5138 | D:5      | Found a radiant altar of Vehumet.
  5146 | D:5      | Reached XP level 9. HP: 23/57 MP: 12/12
  5489 | D:5      | Found a glowing golden altar of the Shining One.
  5493 | D:5      | Found a white marble altar of Elyvilon.
  5494 | D:5      | Found a glowing silver altar of Zin.
  5582 | D:5      | Found Isourank's CLEARANCE SALE!.
  5676 | D:5      | Reached skill level 7 in Maces & Flails
  5885 | D:6      | Noticed Menkaure
  5904 | D:6      | Killed Menkaure
  6094 | D:6      | Found Legana's Elemental Accessories.
  6102 | D:6      | Bought a wand of iceblast (6) for 120 gold pieces
  6867 | D:7      | Found a shadowy altar of Dithmenos.
  6868 | D:7      | Found a burning altar of Makhleb.
  7503 | D:7      | Reached skill level 8 in Maces & Flails
  7977 | D:7      | HP: 2/52 [wight (3)]
  7983 | D:7      | Reached skill level 1 in Fighting
  8724 | D:8      | Noticed a two-headed ogre
  8747 | D:8      | Killed a two-headed ogre
  8748 | D:8      | Reached skill level 9 in Maces & Flails
  8748 | D:8      | Reached XP level 10. HP: 42/73 MP: 13/13
  9312 | D:8      | Reached skill level 5 in Fighting
  9670 | D:8      | Reached ** piety under Wu Jian
  9914 | D:8      | Noticed Gastronok
 10236 | D:8      | Killed Gastronok
 10237 | D:8      | Reached skill level 10 in Maces & Flails
 11055 | D:9      | Noticed a two-headed ogre
 11656 | D:9      | Noticed Psyche
 11705 | D:9      | Noticed a kobold demonologist
 11715 | D:9      | Killed Psyche
 11716 | D:9      | Reached skill level 11 in Maces & Flails
 11716 | D:9      | Reached XP level 11. HP: 80/80 MP: 14/14
 11856 | D:9      | Reached skill level 12 in Maces & Flails
 12682 | D:9      | Reached *** piety under Wu Jian
 12901 | D:9      | Killed a two-headed ogre
 12902 | D:9      | Reached skill level 13 in Maces & Flails
 13115 | D:9      | Found a staircase to the Orcish Mines.
 14130 | D:9      | Found a broken altar of Ashenzari.
 14528 | D:9      | You fall into a shaft and drop 3 floors!
 14551 | D:11     | Noticed Maurice
 14563 | D:11     | Killed Maurice
 14583 | D:10     | Entered Level 10 of the Dungeon
 14588 | D:10     | Found a hazy altar of Hepliaklqana.
 14796 | D:10     | Found a portal to a secret trove of treasure.
 14896 | D:10     | Noticed an oklob plant
 14898 | D:10     | Found a staircase to the Lair.
 14967 | D:10     | Noticed a two-headed ogre
 14974 | D:10     | Killed a two-headed ogre
 14975 | D:10     | Reached XP level 12. HP: 69/86 MP: 15/15
 15338 | D:10     | Reached skill level 5 in Evocations
 15492 | D:10     | Reached **** piety under Wu Jian
 15975 | Lair:1   | Entered Level 1 of the Lair of Beasts
 16614 | Lair:1   | Noticed Urug
 16939 | D:10     | Identified a scroll of acquirement
 16939 | D:10     | Acquired the +6 great mace "Ymyi" {vorpal, +Blink SInv}
 16981 | Lair:1   | Killed Urug
 17225 | Lair:1   | Noticed a five-headed hydra
 17233 | Lair:1   | Killed a five-headed hydra
 18793 | D:10     | Slain by a black mamba

Illustrated notes

Levels and vault maps discovered:
D:1:      dpeg_arrival_windows_large_door, layout_rooms,
          minmay_misc_feat_four_crosses
D:2:      layout_rooms, dilly_ecumenical_altar_fadedgnrine, serial_shops, shop,
          nicolae_shop_advertising_works [nicolae_subvault_shop_adworks],
          minmay_quantized
D:3:      layout_rooms, uniq_natasha, uniq_crazy_yiuf_cottage
D:4:      layout_basic, minmay_temple_entry_fiery, gammafunk_ghost_smash,
          nicolae_shop_fire_sale [nicolae_sub_dead_trees], uniq_blork_the_orc,
          uniq_robin, uniq_edmund
D:5:      layout_basic, good_gods_temple_1, mainiacjoe_overflow_alcove_1,
          nicolae_shop_clearance
D:6:      layout_basic, nicolae_elemental_shop, serial_park_tiny_pond,
          minivault_24, uniq_menkaure
D:7:      kennysheep_spiral_hall, layout_basic, nicolae_overflow_squiral,
          minmay_crystal_water, minmay_strange_pillars
D:8:      layout_loops_cross, minmay_misc_feat_five, centaur_isle,
          uniq_gastronok
D:9:      minmay_s_stair_smasher, layout_basic, evilmike_ruin_ashenzari,
          minmay_orc_entry_temple_small, onia_ninara_cookie, uniq_psyche
D:10:     layout_loops_ring, overflow_temple_1_default, dpeg_oklobed_lair,
          enter_trove_0
D:11:     layout_irregular_city, uniq_josephine, uniq_maurice
D:12:     layout_cave_pools, xom_shifter_show
Temple:   zaba_magenta_temple
Lair:1:   layout_gridlike, nicolae_quartered_pool_little, beast_lair_carwin_1,
          serial_bayou_shore_a, uniq_urug
Lair:2:   hangedman_what_comes_after_a, layout_chaotic_city,
          ebering_ghost_reflecting_pool

Skill      XL: |  1  2  3  4  5  6  7  8  9 10 11 12 |
---------------+-------------------------------------+-----
Hexes          | 3 |  3.1
Maces & Flails | 1 2 3 4 6 9 11 13 | 13.9
Necromancy     | 1 2 3 4 6 8 |  8.0
Fighting       | 4 5 7 |  7.8
Throwing       | 4 |  4.0
Evocations     | 2 8 |  8.0
Dodging        | |  1.7
Stealth        | |  2.5
Spellcasting   | |  2.1
Ice Magic      | |  4.7

Action                   |  1- 3 |  4- 6 |  7- 9 | 10-12 || total
-------------------------+-------+-------+-------+-------++-------
Melee: Unarmed           |     6 |       |       |       ||     6
       Staff             |     7 |       |       |       ||     7
       Mace              |    10 |       |       |       ||    10
       Dagger            |       |    10 |       |       ||    10
       Flail             |       |    44 |   294 |    77 ||   415
       Punch             |       |     1 |     3 |     7 ||    11
       Morningstar       |       |       |       |   425 ||   425
       Great mace        |       |       |       |    59 ||    59
Throw: Dart              |       |       |    10 |    57 ||    67
       Throwing net      |       |       |     4 |     2 ||     6
 Cast: Freeze            |    47 |    10 |       |       ||    57
Invok: Lunge             |       |       |    16 |    20 ||    36
       Whirlwind         |       |       |     4 |     7 ||    11
       Serpent's Lash    |       |       |       |     1 ||     1
 Abil: Dig               |     2 |       |       |       ||     2
Evoke: Wand              |       |       |     8 |    16 ||    24
  Use: Scroll            |       |       |     6 |    15 ||    21
       Potion            |       |       |     1 |     9 ||    10
 Stab: Held in net/web   |       |       |       |     1 ||     1
Armor: Robe              |    16 |     4 |       |       ||    20
       Plate armour      |       |    36 |   166 |   335 ||   537
Dodge: Dodged            |    53 |    20 |    41 |   103 ||   217
